 Dungeon Crawl Stone Soup version 0.28.0-53-g5a82cb258f (webtiles) character file.

Game seed: 16797215331787675964

139430 DemonSlayer the Thaumaturge (level 16, -22/111 HPs)
             Began as a Demonspawn Fire Elementalist on Aug 6, 2022.
             Was the Champion of Cheibriados.
             Annihilated by a naga warrior
             ... wielding a +0 long sword
              (26 damage)
             ... on level 2 of the Snake Pit.
             The game lasted 02:13:02 (41741 turns).

DemonSlayer the Thaumaturge (DsFE)                 Turns: 41741, Time: 02:13:04

Health: -22/111    AC: 25    Str: 29    XL:     16   Next: 73%
Magic:  34/34      EV: 17    Int: 41    God:    Cheibriados [******]
Gold:   159        SH:  0    Dex: 38    Spells: 4/44 levels left

rFire   . . .      SeeInvis .   i - +11 mace "Wimneog" {vamp, Fragile rPois Int+3 Dex+2}
rCold   . . .      Faith    .   (no shield)
rNeg    . . .      Spirit   .   a - +2 ring mail "Joerer" {Regen+ Str+5}
rPois   +          Reflect  .   (helmet unavailable)
rElec   .          Harm     .   w - +2 cloak {rCorr}
rCorr   +          Rampage  .   o - +2 pair of gloves {Stlth+}
Will    +....                   y - +2 pair of boots
Stlth   +++.......              Q - amulet of regeneration
HPRegen 1.88/turn               A - +6 ring of dexterity
MPRegen 0.24/turn               v - ring of poison resistance

@: confused, lethally poisoned (-22 -> -22), ambrosia-drunk, constricted,
invisible, very slow
A: horns 3, yellow scales 2, icemail 1, condensation shield, demonic magic 2
a: Renounce Religion, Bend Time, Temporal Distortion, Slouch, Step From Time


You were on level 2 of the Snake Pit.
You worshipped Cheibriados.
Cheibriados was exalted by your worship.
You visited 6 branches of the dungeon, and saw 27 of its levels.

You collected 1982 gold pieces.
You spent 1823 gold pieces at shops.

Inventory:

Hand Weapons
 i - the +11 mace "Wimneog" (weapon) {vamp, Fragile rPois Int+3 Dex+2}
   (You found it on level 13 of the Dungeon)

   It occasionally heals its wielder for a portion of the damage dealt when it
   wounds a living foe.
   Int:       It affects your intelligence (+3).
   Dex:       It affects your dexterity (+2).
   rPois:     It protects you from poison.
   Fragile:   It will be destroyed if unequipped.
 x - the +6 dagger of Jeofaps {freeze, rC- rN++ Dex+3 SInv}
   (You found it on level 6 of the Lair of Beasts)

   It freezes those it strikes, dealing additional cold damage.
   It can also slow down cold-blooded creatures.
   Dex:       It affects your dexterity (+3).
   rC:        It makes you vulnerable to cold.
   rN:        It greatly protects you from negative energy.
   SInv:      It lets you see invisible.
 O - the +12 hand axe of Sloth {elec, rN+ Dex+4}
   (You found it on level 12 of the Dungeon)

   It occasionally discharges a powerful burst of electricity upon striking a
   foe.
   Dex:       It affects your dexterity (+4).
   rN:        It protects you from negative energy.
Missiles
 l - 7 silver boomerangs
 F - 8 curare-tipped darts
Armour
 a - the +2 ring mail "Joerer" (worn) {Regen+ Str+5}
   (You bought it in a shop on level 2 of the Dungeon)

   Str:       It affects your strength (+5).
   Regen:     It increases your rate of health regeneration.
 f - a scarf of shadows
 o - a +2 pair of gloves of stealth (worn)
 r - +0 pearl dragon scales
 w - a +2 cloak of preservation (worn)
 y - a +2 pair of boots (worn)
 T - the +1 robe "Gyighery" {+Blink rC+ rN+}
   (You found it on level 15 of the Dungeon)

   rC:        It protects you from cold.
   rN:        It protects you from negative energy.
   +Blink:    It lets you blink.
Jewellery
 q - a +6 ring of dexterity
 v - a ring of poison resistance (right hand)
 A - a +6 ring of dexterity (left hand)
 H - a ring of positive energy
 Q - an amulet of regeneration (around neck)
Wands
 b - a wand of digging (6)
 n - a wand of polymorph (9)
 p - a wand of mindburst (1)
 s - a wand of charming (11)
 t - a wand of paralysis (11)
 u - a wand of flame (63)
 D - a wand of iceblast (22) (quivered)
 K - a wand of acid (1)
Scrolls
 h - 5 scrolls of blinking
 k - 2 scrolls of immolation
 m - 9 scrolls of identify
 L - 4 scrolls of teleportation
 P - 2 scrolls of magic mapping
 R - 2 scrolls of fog
 S - a scroll of enchant armour
 U - a scroll of torment
Potions
 c - 7 potions of brilliance
 e - 11 potions of curing
 g - 3 potions of attraction
 j - 2 potions of flight
 z - 5 potions of lignification
 B - a potion of resistance
 C - 2 potions of might
 E - a potion of mutation
Miscellaneous
 J - a phantom mirror
 N - a box of beasts


   Skills:
 + Level 5.8 Fighting
 + Level 5.1(6.8) Short Blades
 + Level 6.9(7.7) Long Blades
 + Level 0.9 Throwing
 + Level 6.3 Armour
 + Level 6.5 Dodging
 + Level 12.9 Stealth
 + Level 4.1 Shields
 + Level 14.5 Spellcasting
 + Level 10.2 Conjurations
 + Level 0.4 Hexes
 + Level 0.6 Summonings
 + Level 0.7 Transmutations
 + Level 11.0 Fire Magic
 + Level 1.0 Ice Magic
 + Level 2.7 Air Magic
 + Level 8.0 Earth Magic
 + Level 2.7 Poison Magic
 + Level 1.7 Evocations


You had 4 spell levels left.
You knew the following spells:

 Your Spells              Type           Power      Damage    Failure   Level
a - Lehudib's Crystal Sp  Conj/Erth      40%        10d10     91%         8
b - Scorch                Fire           100%       2d10      1%          2
d - Ignite Poison         Fire/Tmut/Pois 62%        N/A       1%          3
e - Mephitic Cloud        Conj/Pois/Air  64%        N/A       1%          3
f - Summon Guardian Gole  Hex/Summ       33%        N/A       3%          3
g - Freezing Cloud        Conj/Ice/Air   31%        6-21      6%          5
h - Stone Arrow           Conj/Erth      100%       3d13      1%          3
i - Cause Fear            Hex            16%        N/A       12%         4
j - Flame Wave            Conj/Fire      87%        2d15      1%          4
l - Summon Mana Viper     Hex/Summ       33%        N/A       32%         5

Your spell library contained the following spells:

 Spells                   Type           Power      Damage    Failure   Level
 Foxfire                  Conj/Fire      100%       2x1d9     1%          1
 Magic Dart               Conj           100%       1d8       1%          1
 Call Imp                 Summ           34%        N/A       1%          2
 Corpse Rot               Necr/Air       80%        N/A       1%          2
 Poisonous Vapours        Pois/Air       100%       N/A       1%          2
 Conjure Flame            Conj/Fire      87%        6-21      1%          3
 Inner Flame              Hex/Fire       67%        N/A       1%          3
 Sublimation of Blood     Necr           29%        N/A       2%          2
 Animate Armour           Summ/Erth      100%       N/A       2%          4
 Petrify                  Tmut/Erth      60%        N/A       2%          4
 Irradiate                Conj/Tmut      33%        3d24      4%          5
 Orb of Destruction       Conj           42%        9d12      19%         7
 Summon Forest            Summ/Tloc      16%        N/A       34%         5
 Spellforged Servitor     Conj/Summ      32%        N/A       78%         7
 Summon Cactus Giant      Summ           17%        N/A       86%         6
 Discord                  Hex            16%        N/A       100%        8


Dungeon Overview and Level Annotations

Branches:
Dungeon (15/15)            Temple (1/1) D:6            Lair (6/6) D:8
  Swamp (0/4) Lair:3        Snake (2/4) Lair:4        Slime (0/5) Lair:5
    Orc (2/2) D:10            Elf (1/3) Orc:2        Vaults (0/5) D:13
 Depths (0/4) D:15

Altars:
Ashenzari
Cheibriados
Dithmenos
Elyvilon
Fedhas
Gozag
Hepliaklqana
Kikubaaqudgha
Makhleb
Nemelex Xobeh
Okawaru
Qazlal
Ru
Sif Muna
Trog
Uskayaw
Vehumet
Wu Jian
Xom
Yredelemnul
Zin
The Shining One
Beogh
Jiyva

Shops:
D:2 [   D:9 [   D:13 *   Orc:2 :*[(   Snake:1 :*[*

Annotations:
D:10 exclusion: orange crystal statue
Lair:5 1 runed translucent door
Snake:1 exclusion: oklob plant


Innate Abilities, Weirdness & Mutations

You have a pair of large horns on your head.
You are mostly covered in yellow scales. (AC +3)
A meltable icy envelope protects you from harm. (AC +4)
A meltable shield of frost defends you. (SH +4)
Spells you cast may paralyse nearby enemies.


Message History

Really wield
i - the +11 mace "Wimneog" {vamp, Fragile rPois Int+3 Dex+2}?
The +6 dagger of Jeofaps {freeze, rC- rN++ Dex+3 SInv} stops glowing.
You feel clever.
You feel agile.
You feel a sense of dread.
i - the +11 mace "Wimneog" (weapon)
{vamp, Fragile rPois Int+3 Dex+2} You feel sick.
You sock the naga warrior!
You feel better.
The naga warrior is heavily wounded.
You feel sick.
The naga warrior hits you with a +0 long sword!!!
The naga warrior grabs you. The naga warrior constricts you.
Unknown command.
You bump into the rock wall.
You feel sick. The naga warrior barely misses you.
The naga warrior constricts you. The naga warrior spits poison at you.
The splash of poison hits you but does no damage.
You resist.
Unknown command.
You closely miss the naga warrior.
The naga warrior is heavily wounded.
You feel less invigorated.
You feel less confused.
You feel sick.
The naga warrior hits you with a +0 long sword!
* * * LOW HITPOINT WARNING * * *
The naga warrior constricts you.
The naga warrior hits you with a +2 scimitar of holy wrath!
* * * LOW HITPOINT WARNING * * *
You convulse.
* * * LOW HITPOINT WARNING * * *
The naga warrior hits you but does no damage.
The naga warrior constricts you.
You are confused.
You feel invigorated.
You feel sick.
The naga warrior hits you with a +2 scimitar of holy wrath!
* * * LOW HITPOINT WARNING * * *
You convulse.
* * * LOW HITPOINT WARNING * * *
The naga warrior hits you with a +0 long sword!!
You die...

#.........................
##....####'#..............
#....#.#..##.............
##....#.....#..........)..
#.....#....##........#####
#.....#....##..#######...#
##.....#.....#..#.........#
#......#####'#..##........#
##........@......#........#
##.......NN.....#........#
###..............#........#
#.........)......#........#
#.........).....##........'
#...............#.......>..
##..............##.'##..###
#...............###.####..
#.........................


You could see 2 naga warriors.

Vanquished Creatures
  A nagaraja (Snake:1)
  A caustic shrike zombie (D:15)
  2 orc warlords (Orc:2)
  Nessos (D:12)
  The ghost of Oluanan the Fighter, a journeyman DsFi of Hepliaklqana (Lair:3)
  The ghost of Agekol the Severer, a journeyman MiBe of Trog (Lair:3)
  2 boulder beetles
  10 hydras
  2 centaur warriors
  5 naga warriors
  2 catoblepae
  2 vault guards (D:13)
  A deep troll shaman (Lair:6)
  6 two-headed ogres
  3 anacondas
  A death knight (D:13)
  11 death yaks
  A tengu warrior (D:14)
  3 orc high priests (Orc:2)
  A vampire mage (D:15)
  Urug (D:10)
  5 naga sharpshooters
  3 shock serpents (Snake:1)
  The ghost of nickcage the Carver, a novice PaMo of the Shining One (D:8)
  A golden dragon zombie (D:15)
  6 spectral anacondas (Snake:2)
  4 anaconda zombies (Snake:2)
  2 skeletal warriors (D:15)
  5 naga ritualists
  A lindwurm (Lair:6)
  Pikel (D:7)
  A wizard (D:13)
  3 anaconda skeletons (Snake:2)
  8 deep elf pyromancers
  5 orc knights
  3 manticores
  12 ugly things
  A faun (Lair:1)
  3 mana vipers (Snake:1)
  9 cyclopes
  4 necromancers
  5 orc sorcerers
  A wolf spider (D:15)
  A shadow dragon skeleton (D:15)
  6 salamanders
  6 elephants (Lair:6)
  4 guardian serpents (Snake:2)
  7 naga magi
  16 black mambas
  18 cane toads
  2 torpor snails
  5 gargoyles
  A kobold demonologist (D:11)
  2 unseen horrors
  2 rime drakes
  A rime drake (shapeshifter) (D:15)
  2 freezing wraiths (D:13)
  7 komodo dragons
  4 anaconda simulacra (Snake:2)
  2 efreet
  8 trolls
  A wolf spider simulacrum (D:15)
  The ghost of Sin92 the Chopper, an amateur DsFi (D:4)
  3 meliai (D:13)
  4 hornets
  7 dream sheep (Lair:6)
  A spriggan zombie (D:15)
  11 blink frogs
  7 slime creatures
  A meliai zombie (D:10)
  A centaur simulacrum (D:14)
  A vampire (D:12)
  5 wyverns
  31 yaks
  19 humans (D:13)
  6 wraiths
  13 vampire mosquitoes
  2 basilisks
  6 wargs
  25 nagas
  Duvessa (D:4)
  21 water moccasins
  5 black bears
  4 sky beasts
  33 orc warriors
  48 wolves
  An ice beast (D:8)
  8 ogres
  2 necrophages (D:7)
  10 centaurs
  2 lemures (D:7)
  2 phantoms
  A kobold brigand (D:7)
  16 bullfrogs
  2 scorpions (D:5)
  2 gnoll sergeants
  2 water moccasin skeletons (D:5)
  Dowan (D:4)
  7 wights (D:8)
  2 electric eels
  6 howler monkeys
  5 centaur zombies
  A bullfrog zombie (D:6)
  5 quasits (D:8)
  5 jellies
  20 orc priests
  3 hounds
  A centaur skeleton (D:6)
  A bullfrog skeleton (D:3)
  A gnoll shaman (D:8)
  4 hell rats (Lair:1)
  An iguana (D:4)
  33 orc wizards
  A killer bee zombie (D:8)
  A hound zombie (D:5)
  2 howler monkey zombies
  Robin (D:4)
  16 gnolls
  5 adders
  2 ufetubi
  An adder skeleton (D:4)
  A worm (D:4)
  3 dart slugs
  78 orcs
  2 ball pythons
  5 endoplasms
  5 giant cockroaches
  11 goblins
  13 hobgoblins
  7 jackals
  2 quokkas (D:1)
  7 bats
  5 frilled lizards
  25 kobolds
  7 rats
837 creatures vanquished.

Vanquished Creatures (collateral kills)
  4 foxfires
4 creatures vanquished.

Vanquished Creatures (others)
  A hydra (Lair:2)
  An ogre mage (D:11)
  7 wolves (Lair:1)
  A gnoll (D:4)
  A bush (Lair:1)
  727 foxfires
  26 fungi
  62 plants
  11 withered plants
837 creatures vanquished.

Grand Total: 1678 creatures vanquished

Notes
Turn   | Place    | Note
-------+----------+-------------------------------------------
     0 | D:1      | DemonSlayer the Demonspawn Fire Elementalist began the
                  | quest for the Orb.
     0 | D:1      | Reached XP level 1. HP: 13/13 MP: 3/3
   425 | D:1      | Gained mutation: Spells you cast may paralyse adjacent
                  | enemies. [demonic ancestry]
   425 | D:1      | Reached XP level 2. HP: 19/19 MP: 0/5
   428 | D:1      | Learned a level 2 spell: Scorch
  1906 | D:1      | Gained mutation: A meltable shield of frost defends you.
                  | (SH +4) [demonic ancestry]
  1906 | D:1      | Reached XP level 3. HP: 21/25 MP: 4/6
  2061 | D:1      | Learned a level 3 spell: Conjure Flame
  2552 | D:2      | Found Sommeni's Armour Emporium.
  3562 | D:3      | Gained mutation: A meltable icy envelope protects you from
                  | harm. (AC +4) [demonic ancestry]
  3562 | D:3      | Reached XP level 4. HP: 31/31 MP: 1/8
  3650 | D:3      | Reached skill level 3 in Spellcasting
  4540 | D:3      | Reached skill level 1 in Long Blades
  4540 | D:3      | Reached XP level 5. HP: 33/36 MP: 1/9
  5059 | D:3      | Noticed a phantom
  5070 | D:3      | Killed a phantom
  5071 | D:3      | Reached skill level 1 in Fighting
  5071 | D:3      | Gained mutation: Spells you cast may paralyse nearby
                  | enemies. [demonic ancestry]
  5071 | D:3      | Reached XP level 6. HP: 38/43 MP: 3/11
  5072 | D:3      | Noticed a sky beast
  5082 | D:3      | Killed a sky beast
  5735 | D:3      | Learned a level 3 spell: Ignite Poison
  5864 | D:3      | Learned a level 3 spell: Mephitic Cloud
  5892 | D:4      | Noticed Robin
  6173 | D:4      | Killed Robin
  6217 | D:4      | Reached skill level 4 in Spellcasting
  6217 | D:4      | Gained mutation: You are partially covered in yellow
                  | scales. (AC +2) [demonic ancestry]
  6217 | D:4      | Reached XP level 7. HP: 40/48 MP: 0/13
  7077 | D:4      | Found a large runed translucent door.
  7084 | D:4      | Found a large runed translucent door.
  7086 | D:4      | Noticed Sin92's ghost (amateur DsFi)
  7102 | D:4      | Noticed Dowan
  7105 | D:4      | Noticed Duvessa
  7221 | D:5      | Entered Level 5 of the Dungeon
  7680 | D:5      | Reached skill level 5 in Spellcasting
  7867 | D:5      | Reached XP level 8. HP: 56/56 MP: 8/15
  7913 | D:5      | Reached skill level 1 in Shields
  7918 | D:5      | Reached skill level 5 in Fire Magic
  8625 | D:5      | Learned a level 3 spell: Summon Guardian Golem
  8750 | D:4      | Killed Duvessa
  8755 | D:4      | Killed Dowan
  9333 | D:6      | Reached skill level 5 in Stealth
  9333 | D:6      | Gained mutation: You have a pair of small horns on your
                  | head. [demonic ancestry]
  9333 | D:6      | Reached XP level 9. HP: 62/62 MP: 2/17
  9823 | D:6      | You fall into a shaft and drop 3 floors!
  9854 | D:9      | Found Uvuavaokk's Armour Shoppe.
  9893 | D:8      | Reached skill level 6 in Spellcasting
 10057 | D:8      | Noticed a death yak
 10536 | D:9      | Bought a +0 pair of gloves of stealth for 161 gold pieces
 10728 | D:9      | Noticed a troll
 10740 | D:9      | Killed a troll
 10826 | D:9      | Identified the +9 mace "Ogudusm" {flame, rN+ rCorr}
 10973 | D:9      | Found an iron altar of Okawaru.
 11071 | D:9      | Reached skill level 7 in Spellcasting
 11399 | D:9      | Learned a level 5 spell: Freezing Cloud
 11465 | D:8      | Found a viscous altar of Jiyva.
 11491 | D:7      | Reached XP level 10. HP: 54/70 MP: 5/20
 12141 | D:7      | Noticed Pikel
 12150 | D:7      | Killed Pikel
 12151 | D:7      | Reached skill level 5 in Long Blades
 12721 | D:6      | Found a staircase to the Ecumenical Temple.
 12906 | Temple   | Entered the Ecumenical Temple
 13218 | Temple   | Became a worshipper of Cheibriados the Contemplative
 13451 | D:2      | Bought a +0 cloak of preservation for 161 gold pieces
 13974 | D:8      | Reached skill level 1 in Poison Magic
 14499 | D:8      | Reached skill level 8 in Spellcasting
 14548 | D:8      | Noticed a death yak
 14550 | D:8      | Noticed a death yak
 14581 | D:8      | Found a staircase to the Lair.
 14591 | D:8      | Found a transporter.
 15105 | D:8      | Found a transporter.
 15108 | D:8      | Noticed nickcage's ghost (novice PaMo)
 15286 | Lair:1   | Entered Level 1 of the Lair of Beasts
 15559 | Lair:1   | Noticed a cane toad
 15559 | Lair:1   | Noticed a cane toad
 15565 | Lair:1   | Killed a cane toad
 15568 | Lair:1   | Killed a cane toad
 15662 | Lair:1   | Noticed a cane toad
 15675 | Lair:1   | Killed a cane toad
 15934 | Lair:1   | Noticed a cane toad
 15943 | Lair:1   | Killed a cane toad
 15944 | Lair:1   | Reached XP level 11. HP: 28/75 MP: 15/23
 16410 | Lair:1   | Reached * piety under Cheibriados
 16418 | Lair:1   | HP: 2/76 [wolf (5)]
 16764 | Lair:1   | Found a hazy altar of Hepliaklqana.
 17279 | Lair:1   | Reached ** piety under Cheibriados
 17675 | Lair:1   | Learned a level 3 spell: Stone Arrow
 17680 | Lair:1   | Learned a level 4 spell: Cause Fear
 17704 | Lair:2   | Reached skill level 9 in Spellcasting
 17733 | Lair:2   | Noticed an eight-headed hydra
 17744 | Lair:2   | Killed an eight-headed hydra
 18434 | Lair:2   | Noticed a catoblepas
 18979 | Lair:2   | Noticed a seven-headed hydra
 18984 | Lair:2   | Killed a seven-headed hydra
 19130 | Lair:2   | Reached skill level 10 in Spellcasting
 19932 | D:10     | Entered Level 10 of the Dungeon
 19932 | D:10     | Found a staircase to the Orcish Mines.
 19942 | D:10     | Noticed a two-headed ogre
 20066 | D:8      | Gained mutation: You are mostly covered in yellow scales.
                  | (AC +3) [demonic ancestry]
 20066 | D:8      | Reached XP level 12. HP: 11/84 MP: 26/26
 21195 | D:4      | Killed Sin92's ghost
 21318 | D:7      | Learned a level 4 spell: Flame Wave
 21439 | D:8      | Killed a death yak
 21446 | D:8      | Killed a death yak
 21447 | D:8      | Killed a death yak
 21448 | D:8      | Reached skill level 1 in Earth Magic
 21543 | D:8      | Reached skill level 1 in Air Magic
 21846 | D:8      | Killed nickcage's ghost
 22026 | Lair:3   | Noticed a five-headed hydra
 22053 | Lair:3   | Reached *** piety under Cheibriados
 22054 | Lair:3   | Reached skill level 1 in Short Blades
 22058 | Lair:3   | Killed a five-headed hydra
 22059 | Lair:3   | Reached skill level 1 in Evocations
 22273 | Lair:3   | Found a runed translucent gate.
 22274 | Lair:3   | Found a runed translucent gate.
 22274 | Lair:3   | Found a runed translucent gate.
 22274 | Lair:3   | Noticed Agekol's ghost (journeyman MiBe)
 22274 | Lair:3   | Noticed Oluanan's ghost (journeyman DsFi)
 22834 | Lair:3   | Found a staircase to the Swamp.
 23043 | Lair:3   | Found a runed translucent door.
 23365 | Lair:3   | Noticed a seven-headed hydra
 23434 | Lair:3   | Killed a seven-headed hydra
 23435 | Lair:3   | Reached skill level 5 in Dodging
 23435 | Lair:3   | Reached skill level 11 in Spellcasting
 23766 | Lair:4   | Noticed an eight-headed hydra
 23773 | Lair:4   | Killed an eight-headed hydra
 23906 | Lair:4   | Reached skill level 10 in Fire Magic
 23972 | Lair:4   | Found a staircase to the Snake Pit.
 24104 | Lair:4   | Found a sparkling altar of Nemelex Xobeh.
 24285 | Lair:4   | Gained mutation: You have a pair of horns on your head.
                  | [demonic ancestry]
 24285 | Lair:4   | Reached XP level 13. HP: 82/90 MP: 17/28
 24754 | Lair:5   | Reached skill level 5 in Conjurations
 24978 | Lair:5   | Found a runed translucent door.
 24979 | Lair:5   | Found a viscous altar of Jiyva.
 24979 | Lair:5   | Found a staircase to the Slime Pits.
 24979 | Lair:5   | Noticed an acid blob
 25198 | D:10     | Noticed Urug
 25210 | D:10     | Killed Urug
 25281 | D:10     | Reached **** piety under Cheibriados
 25586 | D:10     | Found an ancient bone altar of Kikubaaqudgha.
 26069 | Orc:1    | Entered Level 1 of the Orcish Mines
 26269 | D:2      | Bought the +2 ring mail "Joerer" {Regen+ Str+5} for 441
                  | gold pieces
 26920 | Orc:1    | Learned a level 4 spell: Animate Armour
 26937 | Orc:2    | Entered Level 2 of the Orcish Mines
 26963 | Orc:2    | Found a staircase to the Elven Halls.
 27096 | Orc:2    | Noticed an orc warlord
 27109 | Orc:2    | Killed an orc warlord
 27110 | Orc:2    | Reached skill level 1 in Armour
 27490 | Orc:2    | Reached skill level 12 in Spellcasting
 27562 | Orc:2    | Reached ***** piety under Cheibriados
 27747 | Orc:2    | Noticed an orc warlord
 27764 | Orc:2    | Killed an orc warlord
 28101 | Orc:2    | Found Motuag's Antique Armour Shoppe.
 28102 | Orc:2    | Found Zuedig's Antique Weapon Emporium.
 28104 | Orc:2    | Found Osugaus's General Store.
 28104 | Orc:2    | Found Suor's Book Shoppe.
 28109 | Orc:2    | Bought a pair of glowing boots for 187 gold pieces
 28124 | Orc:2    | Bought a potion of mutation for 96 gold pieces
 28791 | Lair:3   | Killed Agekol's ghost
 28802 | Lair:3   | Killed Oluanan's ghost
 28967 | Lair:5   | Reached XP level 14. HP: 96/96 MP: 17/30
 28998 | Lair:5   | Reached skill level 5 in Earth Magic
 29320 | Lair:6   | Entered Level 6 of the Lair of Beasts
 29428 | Lair:6   | Reached ****** piety under Cheibriados
 29794 | Lair:6   | Reached skill level 10 in Stealth
 30082 | Lair:6   | Identified the +6 dagger of Jeofaps {freeze, rC- rN++ Dex+3
                  | SInv}
 30182 | Lair:6   | Reached skill level 5 in Fighting
 31266 | D:11     | Reached skill level 13 in Spellcasting
 31752 | D:11     | Reached XP level 15. HP: 82/103 MP: 22/32
 31783 | D:11     | Identified the +2 robe "Safom" {Harm +Blink Will+}
 32377 | D:12     | Identified the +12 hand axe of Sloth {elec, rN+ Dex+4}
 32549 | D:12     | Noticed Nessos
 32552 | D:12     | Killed Nessos
 33433 | D:13     | Identified the +11 mace "Wimneog" {vamp, Fragile rPois
                  | Int+3 Dex+2}
 33961 | D:13     | Found Somep's Mayhem Merchandise.
 34047 | D:13     | Reached skill level 1 in Ice Magic
 34447 | D:13     | Found a gate to the Vaults.
 36032 | D:15     | Entered Level 15 of the Dungeon
 36353 | D:15     | Identified the +1 robe "Gyighery" {+Blink rC+ rN+}
 36381 | D:15     | Found a shimmering altar of Xom.
 36381 | D:15     | Found a shimmering altar of Xom.
 36382 | D:15     | Found a shimmering altar of Xom.
 36382 | D:15     | Found a shimmering altar of Xom.
 36383 | D:15     | Found a shimmering altar of Xom.
 36384 | D:15     | Found a shimmering altar of Xom.
 36656 | D:15     | Reached skill level 5 in Armour
 36740 | D:15     | Found a staircase to the Depths.
 37769 | Orc:2    | Bought a pair of glowing gloves for 187 gold pieces
 37778 | Orc:2    | Bought Luwkaxt's Compendium of the Floating Escort for 552
                  | gold pieces
 37784 | Orc:2    | Learned a level 5 spell: Summon Mana Viper
 37892 | Elf:1    | Entered Level 1 of the Elven Halls
 38429 | Snake:1  | Entered Level 1 of the Snake Pit
 38463 | Snake:1  | Gained mutation: You have a pair of large horns on your
                  | head. [demonic ancestry]
 38463 | Snake:1  | Reached XP level 16. HP: 91/110 MP: 18/33
 38638 | Snake:1  | Found Muehad's General Store.
 38639 | Snake:1  | Found Xesuck's Assorted Antiques.
 38639 | Snake:1  | Found Egho's Book Boutique.
 38831 | Snake:1  | Bought a scroll of fear for 38 gold pieces
 38831 | Snake:1  | Found Puojomul's Antique Armour Shop.
 38846 | Snake:1  | Found a shimmering altar of Xom.
 38892 | Snake:1  | Reached skill level 14 in Spellcasting
 40197 | Snake:2  | Reached skill level 10 in Conjurations
 41089 | Snake:2  | Learned a level 8 spell: Lehudib's Crystal Spear
 41244 | Snake:2  | Reached skill level 5 in Short Blades
 41741 | Snake:2  | HP: 4/111 [naga warrior/+2 scimitar of holy wrath (4)]
 41741 | Snake:2  | Annihilated by a naga warrior

Illustrated notes

Levels and vault maps discovered:
D:1:      ebering_trefoil_3fold, layout_loops_ring, st_stairs_6
D:2:      layout_basic, serial_shops, shop, basic_altar
D:3:      layout_basic, minmay_misc_feat_ornament, fountainhead
D:4:      layout_cave_pools, ebering_ghost_disaster_area,
          minmay_misc_feat_rugged, uniq_robin, uniq_duvessa
D:5:      layout_cave_pods, hangedman_decor_points,
          chequers_serial_rivers_small_a, serial_park_tiny_pond,
          minmay_door_square, kennysheep_small_square
D:6:      layout_rooms, minmay_temple_entry_fiery
D:7:      kennysheep_kobold_camp, layout_rooms, uniq_pikel
D:8:      layout_basic, dpeg_lair_monsters, gammafunk_ghost_stat_death,
          grunt_ministairs_7, hex_intersection, chequers_mini_garden,
          jiyva_altar_1
D:9:      layout_rooms, okawaru_ov_weapons_minmay, serial_shops,
          nicolae_inconvenience_store
D:10:     layout_rooms, mainiacjoe_overflow_boulevard, david_orc_2,
          minivault_15, nooodl_orcs_dogs, uniq_urug
D:11:     minmay_the_grid_triangle_9x9_rhombus_full
          [minmay_the_grid_triangle_9x9_impossible_snake,
          minmay_the_grid_triangle_9x9_cache,
          minmay_the_grid_triangle_9x9_zippers_horizontal,
          minmay_the_grid_triangle_9x9_stretched_checkered,
          minmay_the_grid_triangle_9x9_corruption,
          minmay_the_grid_triangle_9x9_pentomino_pain,
          minmay_the_grid_triangle_9x9_warning,
          minmay_the_grid_triangle_9x9_prize_schism], layout_small_grid
D:12:     layout_loops_corners, uniq_nessos
D:13:     layout_basic, grunt_vaults_entry_tiered, serial_rivers,
          chequers_serial_rivers_marsh, chequers_serial_rivers_small_a,
          chequers_serial_rivers_micro_b, chequers_serial_rivers_large_a,
          minmay_shop_mayhem
D:14:     layout_loops_ring, minmay_staircase_bubble
D:15:     gammafunk_depths_entry_grave, layout_loops_corners, xom_redecorated
Temple:   mainiacjoe_temple_cubbyholes
Lair:1:   layout_loops_ring, basic_altar, grunt_forest_large_clearings
Lair:2:   layout_roguey, serial_rivers, chequers_serial_rivers_micro_c,
          chequers_serial_rivers_marsh, chequers_serial_rivers_micro_d,
          chequers_serial_rivers_micro_e, grunt_megastairs_2
Lair:3:   layout_layer_cave, minmay_swamp_entry_swarm, gammafunk_ghost_cemetery,
          pf_torpor_hydra
Lair:4:   layout_regular_city, minmay_snake_entry_guardpost_small, basic_altar,
          nicolae_quartered_pool_impasse, infiniplex_staircase_pool_2
Lair:5:   layout_big_grid, slime_altar_2, serial_bayou_shore_b,
          grunt_megastairs_4
Lair:6:   grunt_lair_end_beastmaster, layout_cave_pods, serial_bayou_shore_a,
          lemuel_fruit_tree, serial_bayou_shore_b, lemuel_fruit_fields,
          grunt_megastairs_3
Snake:1:  layout_rooms, lemuel_oklob_altar, minmay_shoptagon,
          serial_bayou_shore_b
Snake:2:  layout_cave_town, grunt_ministairs_4, nicolae_snake_dead_anacondas
Orc:1:    layout_diamond_mine
Orc:2:    st_orc_congregation, layout_diamond_mine, basic_altar
Elf:1:    eino_elf_arrival_sip, layout_geoelf_octagon, serial_aquarium,
          aquarium_bridge_long_joined [aquarium_subvault_balcony,
          aquarium_subvault_window, aquarium_subvault_bridge,
          aquarium_subvault_window, aquarium_subvault_bridge,
          aquarium_subvault_bridge], aquarium_window_3, aquarium_window_fake,
          aquarium_window_fake, aquarium_window_2, aquarium_view_2b,
          aquarium_balcony_3b, aquarium_pool_S, minivault_28,
          nicolae_take_the_stairs, amcnicky_mini_rare_corridor_liquid,
          minmay_elf_sorcery, uniq_louise

Skill      XL: |  1  2  3  4  5  6  7  8  9 10 11 12 13 14 15 16 |
---------------+-------------------------------------------------+-----
Stealth        | 2 3 5 6 7 8 9 10 12 | 12.9
Fire Magic     | 3 4 5 6 7 9 10 11 | 11.0
Dodging        | 2 3 4 5 6 |  6.5
Spellcasting   | 3 4 5 7 8 10 11 12 13 14 | 14.5
Long Blades    | 1 2 3 4 5 6 |  6.9
Fighting       | 1 2 3 4 5 |  5.8
Conjurations   | 2 3 4 7 9 10 | 10.2
Shields        | 1 3 4 |  4.1
Poison Magic   | 1 2 |  2.7
Earth Magic    | 2 4 5 7 8 |  8.0
Air Magic      | 1 2 |  2.7
Short Blades   | 2 3 4 5 |  5.1
Evocations     | 1 |  1.7
Armour         | 2 3 5 6 |  6.3
Ice Magic      | 1 |  1.0
Throwing       | |  0.9
Hexes          | |  0.4
Summonings     | |  0.6
Transmutations | |  0.7

Action                   |  1- 3 |  4- 6 |  7- 9 | 10-12 | 13-15 | 16-18 || total
-------------------------+-------+-------+-------+-------+-------+-------++-------
Melee: Short sword       |    28 |       |       |       |       |       ||    28
       Long sword        |    32 |    67 |       |       |       |       ||    99
       Punch             |       |     3 |       |       |     6 |     2 ||    11
       Great sword       |       |       |    94 |   158 |       |       ||   252
       Headbutt          |       |       |     8 |    42 |    84 |    49 ||   183
       Dagger            |       |       |       |    54 |   377 |   158 ||   589
       Mace              |       |       |       |       |       |     2 ||     2
Throw: Dart              |       |       |       |       |    18 |     6 ||    24
       Boomerang         |       |       |       |       |     4 |       ||     4
 Cast: Foxfire           |    75 |    95 |    80 |    46 |   143 |     1 ||   440
       Scorch            |     3 |     5 |   100 |   254 |    45 |    10 ||   417
       Conjure Flame     |       |       |     4 |     8 |     4 |       ||    16
       Mephitic Cloud    |       |       |     7 |    13 |    27 |       ||    47
       Ignite Poison     |       |       |     3 |     5 |    10 |       ||    18
       Summon Guardian G |       |       |       |     5 |     5 |       ||    10
       Stone Arrow       |       |       |       |    65 |   433 |   135 ||   633
       Flame Wave        |       |       |       |     4 |     3 |     2 ||     9
       Freezing Cloud    |       |       |       |       |     9 |     6 ||    15
Evoke: Wand              |       |       |     6 |     3 |     9 |    12 ||    30
  Use: Potion            |     1 |     2 |     1 |     1 |     4 |    11 ||    20
       Scroll            |       |     7 |     7 |    19 |    20 |     5 ||    58
 Stab: Paralysed         |    13 |    26 |    28 |    67 |    93 |    23 ||   250
       Sleeping          |     1 |       |     5 |     7 |    41 |    13 ||    67
       Distracted        |       |       |       |       |       |     1 ||     1
Armor: Robe              |    16 |    38 |    88 |   126 |    10 |       ||   278
       Ring mail         |       |       |       |       |   250 |    95 ||   345
Dodge: Dodged            |    57 |    54 |   128 |   288 |   630 |   223 ||  1380
Block: Other             |     8 |     8 |    47 |    70 |   107 |    39 ||   279
